 Dungeon Crawl Stone Soup version 0.26.1-11-gd32895ea62 (webtiles) character file.

Game seed: 17879725245700077695

61 Descartes the Magician (level 3, -1/19 HPs)
             Began as a Deep Elf Hedge Wizard on Apr 20, 2021.
             Slain by an adder (3 damage)
             ... on level 2 of the Dungeon.
             The game lasted 00:02:24 (1480 turns).

Descartes the Magician (Deep Elf Hedge Wizard)      Turns: 1480, Time: 00:02:24

Health: -1/19      AC:  3    Str:  7    XL:     3   Next: 83%
Magic:  0/11       EV: 13    Int: 19    God:
Gold:   99         SH:  0    Dex: 14    Spells: 11/12 levels left

rFire    + . .     SeeInvis .   a - +0 dagger
rCold    x . .     Faith    .   (no shield)
rNeg     . . .     Spirit   .   b - +0 robe
rPois    .         Reflect  .   c - +0 hat
rElec    .         Harm     .   f - +0 cloak
rCorr    .         Rampage  .   (no gloves)
Will     .....                  (no boots)
Stlth    +.........             (no amulet)
HPRegen  0.06/turn              m - ring of fire
MPRegen  0.12/turn              o - ring of attention (curse)

@: lethally poisoned (-1 -> -4), flying
A: no striking features
a: no special abilities


You were on level 2 of the Dungeon.
You visited 1 branch of the dungeon, and saw 2 of its levels.

You collected 99 gold pieces.

Inventory:

Hand Weapons
 a - a +0 dagger (weapon)
Missiles
 d - 10 poisoned darts
 e - 86 stones
 g - 41 sling bullets
Armour
 b - a +0 robe (worn)
 c - a +0 hat (worn)
 f - a +0 cloak (worn)
Jewellery
 m - a ring of fire (left hand)
 o - a cursed ring of attention (right hand)
Scrolls
 k - 2 scrolls of identify
Potions
 i - 2 potions of invisibility {unknown}
 j - a potion of haste
 l - a potion of brilliance {unknown}


   Skills:
 - Level 2.4 Dodging
 - Level 2.4 Stealth
 - Level 5.0 Spellcasting
 + Level 3.7 Conjurations
 - Level 1.1 Summonings
 - Level 1.1 Translocations


You had 11 spell levels left.
You knew the following spells:

 Your Spells              Type           Power        Failure   Level
a - Magic Dart            Conj           72%          2%          1

Your spell library contained the following spells:

 Spells                   Type           Power        Failure   Level
 Blink                    Tloc           N/A          12%         2
 Call Imp                 Summ           8%           12%         2
 Conjure Flame            Conj/Fire      17%          17%         3
 Slow                     Hex            4%           19%         2
 Mephitic Cloud           Conj/Pois/Air  9%           22%         3


Dungeon Overview and Level Annotations

Branches:
Dungeon (2/15)

Altars:


Message History

You kill the bat!
The adder barely misses you. The adder bites you. The adder bites you.
Casting: Magic Dart (safe; 2% risk of failure)
Confirm with . or Enter, or press ? or * to list all spells.
Aiming: Magic Dart (safe; 2% risk of failure)
Press: ? - help, Shift-Dir - straight line, f - adder
Aim: an adder (0% to evade)
The magic dart hits the adder but does no damage.
The adder bites you.
* * * LOW HITPOINT WARNING * * *
You are lethally poisoned!
The adder poisons you!
It was a potion of flight.
You feel very buoyant.
You fly up into the air.
* * * LOW HITPOINT WARNING * * *
You feel sick. The adder bites you.
You die...

# # #
#######################
#.....@S...w...w...w..'
#.###################.#
###.### #....# #.#
#.....##### #....#####.#
#.........# #....#......
#.........####....#......
#..>....†.†.......#......
#.........#####..##......
#.........#.......<####+.


You could see an adder and a dart slug.

Vanquished Creatures
  3 adders (D:2)
  A dart slug (D:1)
  2 leopard geckos
  2 giant cockroaches
  5 goblins (D:1)
  2 hobgoblins (D:1)
  A jackal (D:2)
  2 kobolds (D:1)
  7 bats
  2 frilled lizards (D:1)
  3 rats
30 creatures vanquished.

Vanquished Creatures (others)
  23 plants (D:2)
23 creatures vanquished.

Grand Total: 53 creatures vanquished

Notes
Turn   | Place    | Note
-------+----------+-------------------------------------------
     0 | D:1      | Descartes the Deep Elf Hedge Wizard began the quest for the
                  | Orb.
     0 | D:1      | Reached XP level 1. HP: 10/10 MP: 7/7
   230 | D:1      | Reached XP level 2. HP: 15/15 MP: 7/9
   580 | D:1      | Reached skill level 5 in Spellcasting
  1149 | D:2      | Reached XP level 3. HP: 16/19 MP: 3/11
  1480 | D:2      | Slain by an adder

Illustrated notes

Levels and vault maps discovered:
D:1:      minmay_arrival_diagonal_passages, layout_loops_ring
D:2:      layout_basic, serial_bayou, serial_bayou_pond_b, serial_bayou_pond_d,
          serial_bayou_ford_a, serial_bayou_shore_a, kennysheep_generic_room_14

Skill      XL: |  1  2  3 |
---------------+----------+-----
Conjurations   | 2 3 |  3.7
Spellcasting   | 5 |  5.0
Dodging        | |  2.4
Stealth        | |  2.4
Summonings     | |  1.1
Translocations | |  1.1

Action                   || total
-------------------------++-------
Melee: Dagger            ||     4
 Cast: Magic Dart        ||    92
  Use: Scroll            ||     4
       Potion            ||     1
Armor: Robe              ||     8
Dodge: Dodged            ||    28
